 Dungeon Crawl Stone Soup version 0.25-a0-667-gb977e01cb5 (webtiles) character file.

Game seed: 5273842192440447589, levelgen mode: deterministic

28 kae the Gusty (level 3, 0/19 HPs)
             Began as a Tengu Air Elementalist on Mar 27, 2020.
             Succumbed to an adder's poison
             ... on level 2 of the Dungeon.
             The game lasted 00:01:49 (1428 turns).

kae the Gusty (Tengu Air Elementalist)              Turns: 1428, Time: 00:01:49

Health: 0/19       AC:  2    Str:  8    XL:     3   Next: 12%
Magic:  1/7        EV: 15    Int: 16    God:
Gold:   50         SH:  0    Dex: 14    Spells: 2/6 levels left

rFire    . . .     SeeInvis .   i - +0 spear
rCold    . . .     Gourm    .   (no shield)
rNeg     . . .     Faith    .   a - +0 robe
rPois    .         Spirit   .   (helmet restricted)
rElec    .         Reflect  .   (no cloak)
rCorr    .         Harm     .   (no gloves)
MR       .....                  (boots unavailable)
Stlth    ++........             (no amulet)
HPRegen  0.06/turn              (no ring)
MPRegen  0.10/turn              (no ring)

@: lethally poisoned (0 -> -11), flying quickly and evasively, quick
A: beak, talons 3
a: no special abilities


You were on level 2 of the Dungeon.
You were very hungry.

You visited 1 branch of the dungeon, and saw 2 of its levels.

You collected 50 gold pieces.

Inventory:

Hand Weapons
 i - a +0 spear (weapon)
Armour
 a - a +0 robe (worn)
Jewellery
 g - a +4 amulet of reflection
 j - a +3 ring of protection
Scrolls
 b - 7 scrolls of remove curse {unknown}
 d - a scroll of identify {unknown}
Potions
 e - a potion of flight
 h - a potion of lignification {unknown}
Comestibles
 c - 5 rations


   Skills:
 - Level 2.1 Dodging
 - Level 2.0 Stealth
 + Level 2.3 Spellcasting
 * Level 3.0 Conjurations
 + Level 4.4 Air Magic


You had 2 spell levels left.
You knew the following spells:

 Your Spells              Type           Power        Failure   Level  Hunger
a - Shock                 Conj/Air       ##..         4%          1    #......
b - Static Discharge      Conj/Air       ##......     13%         3    ###....

Your spell library contained the following spells:

 Spells                   Type           Power        Failure   Level  Hunger
 Swiftness                Chrm/Air       #.......     12%         2    ###....
 Airstrike                Air            ###.......   32%         4    #####..
 Lightning Bolt           Conj/Air       ##........   77%         5    ######.


Dungeon Overview and Level Annotations

Branches:
Dungeon (2/15)

Altars:


Innate Abilities, Weirdness & Mutations

You have a beak for a mouth.
You have claws for feet.


Message History

The zap misses the adder.
The bat barely misses you. x2
The adder closely misses you.
Casting: Shock (safe; 4% risk of failure)
Confirm with . or Enter, or press ? or * to list all spells.
Aiming: Shock (safe; 4% risk of failure)
Press: ? - help, Shift-Dir - straight line The zap hits the bat.
The bat is severely wounded.
The zap hits the bat.
You kill the bat!
* * * LOW HITPOINT WARNING * * *
You feel sick. The adder bites you.
* * * LOW HITPOINT WARNING * * *
You are more poisoned.
The adder poisons you! The adder barely misses you.
The bat completely misses you.
It was a potion of flight.
You feel very buoyant.
You swoop lightly up into the air.
You die...

#...# . #...###
.. #..?.. ...
.....## ..$.
#..... .....
#...#
......#.S.#
......b@..#
###......(.....
#.........#.#
#.......#....
#..#####.. #.#
##. #.. # . ..#
. .##


You could see an adder and a bat.

Vanquished Creatures
  An ooze (D:1)
  A leopard gecko (D:2)
  3 bats
  3 giant cockroaches (D:1)
  2 goblins (D:1)
  3 hobgoblins (D:1)
  A ball python (D:1)
  2 frilled lizards (D:1)
  3 kobolds (D:1)
  3 rats (D:1)
22 creatures vanquished.

Notes
Turn   | Place    | Note
-------+----------+-------------------------------------------
     0 | D:1      | kae the Tengu Air Elementalist began the quest for the Orb.
     0 | D:1      | Reached XP level 1. HP: 10/10 MP: 4/4
   675 | D:1      | Reached XP level 2. HP: 15/15 MP: 6/6
  1138 | D:1      | Reached XP level 3. HP: 14/19 MP: 5/7
  1421 | D:1      | Learned a level 3 spell: Static Discharge
  1428 | D:2      | Succumbed to an adder's poison

Levels and vault maps discovered:
D:1:      elethiomel_arrival_quiet, layout_loops_ring
D:2:      layout_rooms, minmay_crystal_water, xom_redecorated

Skill      XL: |  1  2  3 |
---------------+----------+-----
Conjurations   | 2 3 |  3.0
Dodging        | |  2.1
Stealth        | |  2.0
Spellcasting   | |  2.3
Air Magic      | |  4.4

Action                   || total
-------------------------++-------
Melee: Unarmed           ||    21
       Kick              ||    11
       Peck              ||     8
       Spear             ||    22
 Cast: Shock             ||    41
       Static Discharge  ||     1
  Use: Potion            ||     1
 Stab: Sleeping          ||     1
  Eat: Chunk             ||     1
Armor: Robe              ||     8
Dodge: Dodged            ||    49

Table legend:
 A = Non-vault XP
 B = Vault XP
 C = Vault XP percentage of total XP
 D = Non-vault monster count
 E = Vault monster count
 F = Vault count percentage of total count
                 A         B        C        D         E       F
            +---------+---------+-------+---------+---------+-------
      Total |      40 |       0 |   0.0 |      22 |       0 |   0.0
            +---------+---------+-------+---------+---------+-------
        D:1 |      36 |       0 |   0.0 |      20 |       0 |   0.0
        D:2 |       4 |       0 |   0.0 |       2 |       0 |   0.0
            +---------+---------+-------+---------+---------+-------
